 Dungeon Crawl Stone Soup version 0.22.1-1-ga44c0e5 (webtiles) character file.

37 JeffiDaFish the Digger (level 3, -2/19 HPs)
             Began as a Gargoyle Earth Elementalist on Sept 28, 2018.
             Slain by an ice beast (8 damage)
             ... on level 2 of the Dungeon.
             The game lasted 00:04:43 (1237 turns).

JeffiDaFish the Digger (GrEE)                       Turns: 1237, Time: 00:04:44

Health: -2/19      AC:  8    Str: 11    XL:     3   Next: 41%
Magic:  0/6        EV: 12    Int: 16    God:
Gold:   44         SH:  0    Dex: 10    Spells: 3/7 levels left

rFire    . . .     SeeInvis .   f - +0 short sword
rCold    . . .     Gourm    .   (no shield)
rNeg     + . .     Faith    .   c - +0 robe
rPois    ∞         Spirit   .   a - +2 helmet
rElec    +         Reflect  .   (no cloak)
rCorr    .         Harm     .   (no gloves)
MR       .....                  (no boots)
Stlth    ++........             (no amulet)
HPRegen  0.06/turn              (no ring)
MPRegen  0.10/turn              (no ring)

@: very slightly contaminated
A: negative energy resistance 1, electricity resistance, unbreathing,
petrification resistance, rot immunity, AC +3
a: no special abilities


You were on level 2 of the Dungeon.
You were hungry.

You visited 1 branch of the dungeon, and saw 2 of its levels.

You collected 44 gold pieces.

Inventory:

Hand Weapons
 f - a +0 short sword (weapon)
Missiles
 b - 46 stones (quivered)
Armour
 a - a +2 helmet (worn)
 c - a +0 robe (worn)
Scrolls
 e - 2 scrolls of identify
Comestibles
 d - a ration
 g - a chunk of flesh


   Skills:
 - Level 1.5 Dodging
 - Level 2.1 Stealth
 + Level 2.5 Spellcasting
   Level 0.7 Transmutations
 * Level 4.8 Earth Magic


You had 3 spell levels left.
You knew the following spells:

 Your Spells              Type           Power        Failure   Level  Hunger
a - Sandblast             Erth           ###...       2%          1    #......
b - Stone Arrow           Conj/Erth      #.....       22%         3    ###....

Your spell library contained the following spells:

 Spells                   Type           Power        Failure   Level  Hunger
 Passwall                 Tmut/Erth      ##......     10%         2    ##.....
 Petrify                  Tmut/Erth      ##......     52%         4    #####..
 Lee's Rapid Deconstruct  Erth           ###.......   58%         5    ######.


Dungeon Overview and Level Annotations

Branches:
Dungeon (2/15)

Altars:


Innate Abilities, Weirdness & Mutations

You are resistant to torment.
Your stone body is resilient. (AC +3)
You are immune to poison.
You resist negative energy. (rN+)
You are resistant to electric shocks. (rElec)
You can survive without breathing.
You are immune to petrification.
You are immune to rotting.


Message History

There is a stone staircase leading down here.
Casting: Sandblast (safe; 2% risk of failure)
Confirm with . or Enter, or press ? or * to list all spells.
Aiming: Sandblast (safe; 2% risk of failure)
Press: ? - help, Shift-Dir - straight line, f/p - ice beast
Aim: an ice beast (heavily wounded)
The blast of sand hits the ice beast.
The ice beast is heavily wounded.
b - 47 stones The ice beast hits you but does no damage.
Casting: Sandblast (safe; 2% risk of failure)
Confirm with . or Enter, or press ? or * to list all spells.
Aiming: Sandblast (safe; 2% risk of failure)
Press: ? - help, Shift-Dir - straight line, f/p - ice beast
Aim: an ice beast (moderately wounded)
The blast of sand hits the ice beast.
The ice beast is heavily wounded.
b - 46 stones The ice beast hits you.
The ice beast freezes you!
You die...

### #....... #.#
#.####.#
#######.###.# #.#
#.........#.# #.+
#.#...#.#.#.# ###
#.#.#.#.#.#.######
#.#.#.#.........##
#.#.#.#.#.#.###.##
#@#.#.#.#.#.###...
#Y#.#.#.#.#.#.#...
#.#.......#.......
#...........>.....
#.................
##...###.####..###
##### #.......#
#######.#
#####.###


You could see an ice beast.

Vanquished Creatures
  3 oozes (D:1)
  2 dart slugs (D:1)
  A bat (D:1)
  3 goblins
  5 hobgoblins
  2 kobolds (D:1)
  A frilled lizard (D:1)
  4 rats
21 creatures vanquished.

Notes
Turn   | Place    | Note
-------+----------+-------------------------------------------
     0 | D:1      | JeffiDaFish the Gargoyle Earth Elementalist began the quest
                  | for the Orb.
     0 | D:1      | Reached XP level 1. HP: 10/10 MP: 3/3
    94 | D:1      | Reached skill level 4 in Earth Magic
   159 | D:1      | Reached XP level 2. HP: 15/15 MP: 0/5
   803 | D:1      | Reached XP level 3. HP: 19/19 MP: 3/6
   808 | D:1      | Learned a level 3 spell: Stone Arrow
  1071 | D:2      | Noticed an ice beast
  1237 | D:2      | Slain by an ice beast

Skill      XL: |  1 |
---------------+----+-----
Earth Magic    | 4 |  4.8
Dodging        | |  1.5
Stealth        | |  2.1
Spellcasting   | |  2.5
Transmutations | |  0.7

Action                   || total
-------------------------++-------
Melee: Unarmed           ||     6
       Short sword       ||    24
 Cast: Sandblast         ||    25
       Stone Arrow       ||     2
  Use: Scroll            ||     1
  Eat: Chunk             ||     1
Armor: Robe              ||    12
Dodge: Dodged            ||    22
